Map: Glittering Ashes LE

Players

CareAgain - Winner!

  • Race: Zerg Zerg
  • League: Master
  • Spawn Location: 1:00

KriXuS

  • Race: Terran Terran
  • League: Master
  • Spawn Location: 7:00

VOD

Have the link to the VOD?

Description

Time

  • Played on: Feb. 7, 2022, 7:53 p.m.
  • Length: 8:45
Show
View Real Time Build Order
Export as new Build Order

CareAgain Zerg - Winner!

Build Orders: Hatch First 

Get SALT Encoding   

  12  0:00  Drone  
  13  0:12  Overlord  
  13  0:17  Drone  
  14  0:30  Drone x2  
  16  0:48  Hatchery  
  15  0:52  Drone  
  16  0:58  Drone  
  16  0:59  Drone  
  18  1:12  Extractor  
  18  1:14  Spawning Pool  
  18  1:18  Drone  
  17  1:20  Drone  
  18  1:28  Drone  
  19  1:38  Drone  
  20  1:50  Drone  
  21  2:01  Queen x2  
  21  2:02  Zergling x4  
  27  2:18  Overlord  
  27  2:20  Hatchery  
  26  2:23  Drone  
  26  2:28  Drone  
  28  2:35  Spore Crawler  
  27  2:41  Drone x3  
  31  2:46  Queen  
  31  2:49  Overlord  
  33  2:51  Overlord  
  33  2:55  Drone  
  34  2:58  Metabolic Boost  
  34  3:01  Drone  
  35  3:06  Drone  
  36  3:14  Drone  
  36  3:15  Queen  
  36  3:16  Drone  
  40  3:20  Drone x3  
  43  3:31  Drone x2  
  43  3:32  Queen  
  43  3:33  Drone  
  48  3:37  Drone  
  49  3:41  Drone  
  49  3:42  Drone  
  49  3:45  Drone  
  55  3:48  Drone x3  
  55  4:02  Zergling x6  
  58  4:04  Overlord x3  
  58  4:05  Overlord  
  58  4:17  Overlord x2  
  58  4:23  Drone x8  
  66  4:25  Queen  
  68  4:31  Zergling x2  
  68  4:32  Zergling x4  
  71  4:39  Baneling Nest, Evolution Chamber  
  71  4:40  Zergling x4  
  71  4:49  Drone x4  
  72  4:54  Zergling x4  
  72  4:55  Queen x2  
  72  4:59  Zergling x6  
  77  5:00  Zergling x2  
  77  5:01  Queen  
  75  5:07  Spore Crawler  
  75  5:08  Spore Crawler  
  75  5:09  Spore Crawler  
  75  5:10  Zergling x2  
  75  5:11  Zergling x6  
  75  5:14  Evolution Chamber  
  73  5:15  Drone x2  
  73  5:18  Drone  
  74  5:27  Drone x3  
  77  5:31  Lair  
  77  5:35  Hatchery  
  76  5:36  Zergling x10  
  81  5:45  Overlord x2  
  81  5:46  Drone x4  
  84  5:58  Drone x3  
  84  5:59  Extractor  
  84  6:00  Extractor  
  85  6:16  Drone x3  
  85  6:17  Extractor, Drone x3  
  85  6:18  Drone x3  
  93  6:22  Zerg Melee Weapons Level 1  
  93  6:24  Zergling x6, Evolution Chamber  
  95  6:37  Drone x2  
  95  6:38  Drone  
  98  6:43  Zergling x14  
  98  6:45  Centrifugal Hooks  
  105  6:47  Overseer  
  105  6:58  Zergling x10  
  110  7:03  Zergling x2  
  110  7:04  Zergling x4  
  110  7:05  Hatchery  
  112  7:18  Zergling x10  
  112  7:19  Hatchery, Zergling x6  
  112  7:20  Overlord x2, Baneling x12  
  118  7:24  Drone  
  118  7:28  Zergling x2  
  120  7:32  Overlord x2  
  120  7:38  Queen x4  
  120  7:39  Overseer  
  120  7:41  Zergling x16  
  134  7:54  Zergling x8  
  134  7:58  Zergling x6  
  135  8:05  Zergling x22  
  142  8:16  Zergling x2  
  142  8:17  Zergling x8  
  148  8:24  Zergling x8  
  148  8:25  Zergling x2  
  149  8:43  Extractor  
  149  8:44  Extractor  
Show
View Real Time Build Order
Export as new Build Order

KriXuS Terran 

Build Orders: Gas First Reaper Expand, Hellion Banshee 

Get SALT Encoding   

  12  0:01  SCV  
  13  0:13  SCV  
  14  0:17  Supply Depot  
  14  0:25  SCV  
  14  0:27  Refinery  
  15  0:39  SCV  
  16  0:45  Barracks  
  16  0:51  SCV  
  17  1:03  SCV  
  18  1:15  SCV  
  19  1:32  Orbital Command, Reaper  
  20  1:42  Command Center  
  20  1:53  Factory  
  20  1:57  SCV  
  21  2:05  Barracks Reactor  
  21  2:07  Supply Depot  
  21  2:10  SCV  
  22  2:18  Refinery  
  22  2:22  SCV  
  23  2:34  SCV  
  23  2:49  Starport  
  23  2:53  SCV  
  23  2:54  Hellion x2  
  23  2:55  Barracks Tech Lab  
  28  2:58  Orbital Command  
  28  3:09  SCV  
  29  3:15  Hellion  
  29  3:16  Hellion  
  33  3:21  SCV  
  33  3:24  Barracks Tech Lab  
  33  3:26  SCV  
  35  3:34  Banshee  
  35  3:37  Cloaking Field, Hellion x2  
  35  3:40  SCV  
  43  3:44  Supply Depot  
  43  3:45  SCV  
  44  3:49  Marine  
  44  3:52  Stimpack  
  44  3:54  SCV  
  46  4:06  SCV x2  
  46  4:08  Marine  
  49  4:11  Hellion  
  49  4:12  Hellion  
  49  4:16  Supply Depot  
  53  4:18  SCV  
  54  4:34  Command Center  
  54  4:37  Marine, Supply Depot  
  54  4:38  SCV x2  
  50  5:00  SCV x2  
  50  5:20  Marine  
  41  5:24  SCV  
  41  5:25  SCV, Barracks  
  41  5:28  Barracks  
  43  5:30  Starport Reactor  
  43  5:31  Refinery, Siege Tank  
  43  5:33  Combat Shield  
  46  5:37  SCV x2  
  46  5:42  Marine  
  48  5:43  Engineering Bay x2  
  48  5:48  Orbital Command  
  48  5:49  SCV x2  
  50  6:00  Marine  
  50  6:01  SCV x2  
  53  6:05  Siege Tank  
  53  6:08  Medivac x2  
  53  6:10  Terran Infantry Weapons Level 1  
  60  6:13  Marine, SCV x2  
  60  6:17  Refinery  
  60  6:18  Marine  
  63  6:21  Marine x2  
  63  6:25  SCV x2  
  67  6:26  SCV, Barracks  
  67  6:29  Barracks  
  67  6:31  Terran Infantry Armor Level 1  
  69  6:33  Marine  
  69  6:36  Marine  
  69  6:37  SCV  
  69  6:38  SCV x2  
  69  6:39  Marine  
  75  6:45  Supply Depot  
  75  6:49  SCV  
  75  6:50  Marine  
  75  6:52  Siege Tank  
  75  6:53  SCV, Orbital Command  
  75  6:54  Marine  
  83  6:57  Marine  
  84  7:03  Barracks Reactor  
  84  7:05  Medivac  
  84  7:07  SCV, Medivac  
  88  7:08  Marine  
  88  7:09  Supply Depot  
  88  7:10  Supply Depot  
  88  7:11  Supply Depot  
  88  7:20  SCV  
  88  7:21  Marine, SCV  
  88  7:22  Barracks Reactor  
  91  7:23  Barracks Reactor  
  91  7:24  Marine  
  91  7:25  Barracks  
  91  7:26  SCV  
  91  7:27  Barracks  
  93  7:30  Barracks  
  93  7:31  Marine  
  93  7:33  Siege Tank  
  93  7:34  SCV  
  93  7:35  SCV  
  99  7:38  SCV  
  99  7:39  Marine, Command Center  
  99  7:40  Marine  
  102  7:46  SCV  
  95  8:05  Marine x2, SCV, Siege Tank  
  86  8:07  SCV  
  86  8:08  SCV, Armory  
  86  8:10  Marine x5  
  86  8:11  Marine x2  
  100  8:17  SCV  
  99  8:23  Marine x2  
  89  8:28  SCV  
  89  8:30  SCV  
Tags
 
Add a new tag
Caveats
  • Supply blocks, unpowered buildings, or Contaminate may cause inaccurate times.
  • Supply counts are checked every 10 seconds.